Map: Acid Plant LE

Players

Chillnkill - Winner!

  • Race: Protoss Protoss
  • League: Platinum
  • Spawn Location: 11:00

Juxtapose

  • Race: Protoss Protoss
  • League: Platinum
  • Spawn Location: 5:00

VOD

https://youtu.be/WysSnFbYvi8

Description

This would be my first time playing on Acid Plant, and it seems like a larger, fun map.

My opponent also plays quite well, and did some nice, sneaky work with his Dark Templar, so kudos to him!

Time

  • Played on: Feb. 4, 2018, 10:19 a.m.
  • Length: 11:16
Show
View Real Time Build Order
Export as new Build Order

Chillnkill Protoss - Winner!

Build Orders: 1 Gate Expand, Zealot Archon, Dark Templar Rush 

Get SALT Encoding   

  12  0:01  Probe  
  13  0:13  Probe  
  14  0:19  Pylon  
  14  0:25  Probe  
  15  0:37  Probe (Chrono Boost)  
  16  0:42  Gateway  
  17  0:50  Probe (Chrono Boost), Assimilator  
  17  0:57  Probe (Chrono Boost)  
  18  1:03  Assimilator  
  18  1:08  Probe  
  19  1:20  Probe  
  20  1:28  Assimilator  
  20  1:32  Probe  
  21  1:44  Nexus  
  21  1:48  Probe  
  22  2:01  Probe  
  23  2:08  Cybernetics Core  
  23  2:10  Pylon  
  23  2:28  Probe  
  24  2:33  Pylon  
  24  2:38  Pylon  
  24  2:40  Probe  
  24  2:43  Stalker (Chrono Boost)  
  25  2:45  Warp Gate  
  27  2:55  Probe (Chrono Boost)  
  27  2:57  Probe (Chrono Boost)  
  29  3:05  Stalker  
  29  3:07  Probe (Chrono Boost)  
  29  3:08  Probe (Chrono Boost)  
  32  3:13  Probe (Chrono Boost), Twilight Council  
  33  3:25  Probe x2 (Chrono Boost)  
  35  3:31  Forge  
  37  3:34  Probe (Chrono Boost)  
  37  3:38  Probe (Chrono Boost)  
  38  3:42  Probe (Chrono Boost)  
  38  3:43  Assimilator  
  38  3:47  Probe x2 (Chrono Boost)  
  40  3:50  Charge  
  40  3:57  Dark Shrine  
  40  3:59  Probe (Chrono Boost)  
  40  4:00  Probe (Chrono Boost)  
  42  4:09  Probe (Chrono Boost)  
  44  4:12  Probe (Chrono Boost)  
  44  4:13  Photon Cannon  
  44  4:14  Probe (Chrono Boost)  
  44  4:16  Photon Cannon  
  45  4:20  Probe  
  45  4:23  Pylon  
  46  4:25  Assimilator  
  46  4:32  Pylon  
  46  4:38  Pylon  
  46  4:42  Gateway  
  46  4:44  Gateway  
  46  4:47  Gateway  
  46  4:51  Probe  
  47  4:53  Probe  
  47  4:56  Protoss Ground Weapons Level 1 (Chrono Boost)  
  48  5:07  Gateway  
  48  5:09  Gateway  
  48  5:27  Dark Templar  
  50  5:43  Robotics Facility  
  50  5:46  Gateway  
  50  5:47  Gateway  
  52  5:54  Dark Templar x3  
  56  6:01  Dark Templar  
  58  6:17  Dark Templar  
  58  6:37  Protoss Ground Weapons Level 2 (Chrono Boost)  
  58  6:39  Nexus  
  58  6:43  Assimilator, Stalker  
  58  6:44  Archon  
  58  6:45  Archon  
  60  6:48  Assimilator  
  60  6:49  Pylon  
  60  6:53  Pylon, Robotics Bay  
  60  6:55  Photon Cannon  
  60  6:57  Pylon  
  60  6:59  Robotics Facility  
  60  7:00  Pylon  
  60  7:02  Stalker  
  60  7:03  Stalker  
  60  7:05  Zealot x2  
  60  7:06  Zealot  
  70  7:11  Probe (Chrono Boost)  
  70  7:12  Probe (Chrono Boost)  
  72  7:22  Probe x2 (Chrono Boost)  
  74  7:26  Probe x2 (Chrono Boost)  
  74  7:37  Dark Templar, Probe  
  77  7:47  Observer (Chrono Boost)  
  84  7:53  Colossus (Chrono Boost)  
  90  8:06  Colossus (Chrono Boost), Zealot x4  
  90  8:07  Sentry x2  
  102  8:17  Probe x3  
  105  8:24  Photon Cannon  
  105  8:27  Protoss Ground Armor Level 1 (Chrono Boost)  
  105  8:29  Probe x3, Pylon  
  107  8:36  Zealot  
  107  8:37  Zealot x3  
  107  8:41  Probe  
  110  8:54  Stalker x2  
  110  8:55  Stalker x2  
  106  9:08  Zealot  
  106  9:09  Zealot x3  
  114  9:11  Colossus (Chrono Boost)  
  120  9:30  Pylon  
  120  9:31  Pylon  
  120  9:32  Probe (Chrono Boost)  
  120  9:33  Pylon  
  120  9:38  Probe x2 (Chrono Boost)  
  123  9:42  Probe (Chrono Boost)  
  130  9:54  Colossus (Chrono Boost)  
  130  10:02  Colossus (Chrono Boost)  
  130  10:04  Pylon  
  130  10:06  Pylon  
  134  10:15  Pylon  
  134  10:26  Nexus  
  134  10:29  Pylon x2  
  134  10:32  Pylon  
  132  10:36  Assimilator  
  132  10:41  Assimilator  
  132  10:44  Pylon  
  126  10:51  Stalker x4  
  126  10:52  Stalker x4  
Show
View Real Time Build Order
Export as new Build Order

Juxtapose Protoss 

Build Orders:  

Get SALT Encoding   

  12  0:01  Probe  
  13  0:13  Probe  
  14  0:20  Pylon  
  14  0:25  Probe  
  15  0:38  Probe  
  15  0:39  Gateway  
  16  0:50  Probe, Assimilator  
  17  1:01  Pylon  
  17  1:02  Probe  
  18  1:14  Probe  
  19  1:26  Probe  
  19  1:32  Zealot  
  22  1:33  Cybernetics Core  
  22  1:38  Probe  
  23  1:40  Assimilator  
  23  1:50  Probe  
  23  1:52  Pylon  
  24  2:06  Probe  
  25  2:42  Nexus  
  25  2:51  Robotics Facility  
  25  2:55  Forge  
  25  2:56  Assimilator  
  25  3:09  Probe, Pylon  
  26  3:16  Warp Gate (Chrono Boost)  
  26  3:17  Stalker  
  28  3:21  Probe  
  29  3:43  Shield Battery  
  29  3:46  Probe  
  29  3:48  Pylon  
  30  3:56  Pylon  
  30  3:57  Stalker  
  30  3:58  Probe  
  33  4:03  Probe  
  34  4:10  Probe  
  34  4:13  Protoss Ground Weapons Level 1  
  34  4:15  Probe, Observer (Chrono Boost)  
  37  4:24  Probe  
  37  4:27  Probe  
  37  4:29  Immortal (Chrono Boost)  
  43  4:35  Gateway  
  43  4:46  Probe x2  
  43  4:52  Photon Cannon  
  45  4:58  Probe x2  
  47  5:01  Photon Cannon  
  47  5:08  Observer  
  47  5:10  Immortal  
  51  5:24  Probe x2  
  53  5:36  Probe x2  
  55  5:45  Gateway x2  
  55  5:48  Probe x2, Pylon  
  55  5:49  Observer  
  58  5:53  Assimilator  
  58  5:56  Assimilator  
  58  5:59  Stalker x2  
  58  6:00  Probe  
  63  6:07  Protoss Ground Armor Level 1  
  63  6:12  Probe  
  63  6:13  Immortal (Chrono Boost)  
  68  6:22  Robotics Facility  
  68  6:25  Pylon  
  68  6:28  Stalker  
  68  6:29  Stalker  
  72  6:45  Stalker x2  
  76  7:07  Sentry x2  
  79  7:26  Nexus  
  79  7:35  Immortal  
  79  7:36  Observer  
  84  7:38  Stalker x3  
  84  7:39  Stalker  
  92  8:03  Pylon  
  92  8:06  Protoss Shields Level 1  
  92  8:07  Pylon  
  92  8:08  Pylon  
  92  8:11  Twilight Council  
  92  8:12  Stalker  
  94  8:31  Photon Cannon  
  94  8:34  Stalker x2  
  94  8:35  Stalker  
  56  9:05  Stalker  
  56  9:06  Stalker x2  
  56  9:07  Stalker, Immortal (Chrono Boost)  
  56  9:08  Immortal (Chrono Boost)  
  65  9:22  Probe x3  
  68  9:25  Assimilator  
  68  9:29  Assimilator  
  68  9:34  Probe  
  69  9:39  Immortal  
  73  9:46  Observer  
  74  9:56  Stalker  
  74  9:58  Zealot x2  
  74  9:59  Zealot  
  82  10:04  Probe x2  
  82  10:05  Probe  
  85  10:07  Observer  
  86  10:20  Probe x2  
  88  10:21  Stalker  
  88  10:22  Stalker  
  88  10:23  Stalker  
  88  10:24  Zealot  
  96  10:30  Probe  
  96  10:32  Probe x2  
  91  10:45  Zealot x3  
Tags
 
Add a new tag
Caveats
  • Supply blocks, unpowered buildings, or Contaminate may cause inaccurate times.
  • Supply counts are checked every 10 seconds.